 Dungeon Crawl Stone Soup version 0.27-a0-1595-g0b823d0a13 (webtiles) character file.

Game seed: 8021829603802909550

151 Zonian the Conjurer (level 5, -6/25 HPs)
             Began as a Vine Stalker Conjurer on July 21, 2021.
             Was a Believer of Uskayaw.
             Mangled by an ogre (29 damage)
             ... on level 4 of the Dungeon.
             The game lasted 00:05:18 (5885 turns).

Zonian the Conjurer (Vine Stalker Conjurer)         Turns: 5885, Time: 00:05:19

Health: -6/25      AC:  4    Str:  9    XL:     5   Next: 33%
Magic:  0/10       EV:  9    Int: 18    God:    Uskayaw [**....]
Gold:   229        SH:  0    Dex: 14    Spells: 7/10 levels left

rFire    x . .     SeeInvis .   b - +0 short sword
rCold    + . .     Faith    .   (no shield)
rNeg     . . .     Spirit   +   a - +1 robe
rPois    +         Reflect  .   (no helmet)
rElec    .         Harm     .   (no cloak)
rCorr    .         Rampage  .   k - +0 pair of gloves
Will     .....                  (no boots)
Stlth    ++........             (no amulet)
HPRegen  1.08/turn              h - ring of ice
MPRegen  0.12/turn              n - ring of poison resistance

@: very slightly contaminated, constricted
A: fangs 2, regeneration 1, magic shield, antimagic bite, no potion heal 2
a: Renounce Religion, Stomp, Line Pass


You were on level 4 of the Dungeon.
You worshipped Uskayaw.
Uskayaw was noncommittal.
You visited 2 branches of the dungeon, and saw 5 of its levels.

You collected 229 gold pieces.

Inventory:

Hand Weapons
 b - a +0 short sword (weapon)
 c - a +0 hunting sling
 j - a +2 hunting sling of flaming
Missiles
 e - 7 poisoned darts
 p - 2 javelins
Armour
 a - a +1 robe (worn)
 k - a +0 pair of gloves (worn)
Jewellery
 h - a ring of ice (left hand)
 n - a ring of poison resistance (right hand)
Wands
 r - a wand of polymorph (6)
Scrolls
 i - a scroll of teleportation
 q - a scroll of identify
Potions
 d - 3 potions of attraction
 f - 2 potions of lignification {unknown}
 g - 3 potions of curing
 l - a potion of cancellation {unknown}
 m - a potion of might {unknown}
 o - a potion of invisibility {unknown}


   Skills:
 + Level 1.1 Fighting
 + Level 1.2 Short Blades
 + Level 2.1 Dodging
 + Level 3.4 Stealth
 + Level 3.0 Spellcasting
 + Level 4.8 Conjurations


You had 7 spell levels left.
You knew the following spells:

 Your Spells              Type           Power      Damage    Failure   Level
a - Magic Dart            Conj           80%        1d7       2%          1
b - Searing Ray           Conj           40%        3d4       3%          2

Your spell library contained the following spells:

 Spells                   Type           Power      Damage    Failure   Level
 Beastly Appendage        Tmut           4%         N/A       16%         1
 Dazzling Flash           Conj/Hex       22%        N/A       19%         3
 Wereblood                Tmut           2%         N/A       24%         2
 Ozocubu's Armour         Ice            4%         N/A       43%         3
 Spider Form              Tmut/Pois      1%         N/A       43%         3
 Fulminant Prism          Conj/Hex       5%         3d7       52%         4
 Iskenderun's Mystic Bla  Conj/Tloc      11%        2d4       52%         4
 Petrify                  Tmut/Erth      2%         N/A       85%         4
 Metabolic Englaciation   Hex/Ice        2%         N/A       99%         5
 Statue Form              Tmut/Erth      1%         N/A       100%        6
 Ozocubu's Refrigeration  Ice            2%         4d5       100%        7


Dungeon Overview and Level Annotations

Branches:
Dungeon (4/15)             Temple (1/1) D:4

Altars:
Ashenzari
Dithmenos
Elyvilon
Fedhas
Gozag
Kikubaaqudgha
Qazlal
Sif Muna
Trog
Uskayaw
Yredelemnul
Zin


Innate Abilities, Weirdness & Mutations

You have extremely sharp teeth.
Your natural rate of healing is unusually fast.
When hurt, damage is shared between your health and your magic reserves.
Your bite disrupts and absorbs the magic of your enemies.
Potions cannot restore your health.


Message History

The magic dart hits the ball python.
The ball python is severely wounded.
The ball python bites you but does no damage.
The ball python barely misses you.
The magic dart hits the ball python!
You kill the ball python!
You can't see any susceptible monsters within range! (Use Z to cast anyway.) Unknown command.
Magic restored.
Found 15 sling bullets.
There is an open door here.
You see here a ball python corpse.
Things that are here:
a +0 dagger; a kobold corpse A ball python and an ogre come into view.
Unknown command.
The magic dart hits the ogre.
The ogre is moderately wounded.
The ogre shouts!
The magic dart hits the ogre but does no damage.
The ogre is moderately wounded.
The ball python hisses angrily.
The magic dart hits the ogre.
The ogre is moderately wounded.
The magic dart hits the ogre.
The ogre is moderately wounded.
You can now pass through a line of other dancers.
The magic dart hits the ogre.
The ogre is heavily wounded.
You miscast Magic Dart.
You are very lightly contaminated with residual magic.
Nothing appears to happen.
The magic dart hits the ogre.
The ogre is severely wounded.
Unknown command.
The ball python bites you. The ball python grabs you.
The ball python constricts you.
The ogre hits you with a +0 giant spiked club!!
Ouch! That really hurt!
You die...

## #.....#### ###.....# #
#.....# ###...##
################ ##.).#
..............# #.[.#
..............# #...#
...)..........# ##..##
....##'############ #...#
.....#.######.....# #...#
.....#......†)..@.###### ##..#
.....#......#...OS......####..##
.....#......#.................#
............#......(....#####.#
....#.......#........... #.##
....#.>.....#........... #..#
....###.....#........... ##.##
....# #.....#........... #..#
....# #.....############ ####.#


You could see an ogre and a ball python.

Vanquished Creatures
  A scorpion (D:4)
  A hound skeleton (D:4)
  An adder (D:2)
  A worm (D:2)
  A dart slug (D:2)
  6 orcs
  5 bats
  4 endoplasms
  2 giant cockroaches
  5 goblins
  6 hobgoblins
  3 jackals (D:4)
  A quokka (D:4)
  9 ball pythons
  7 kobolds
  5 rats
58 creatures vanquished.

Vanquished Creatures (others)
  6 plants (D:1)
6 creatures vanquished.

Grand Total: 64 creatures vanquished

Notes
Turn   | Place    | Note
-------+----------+-------------------------------------------
     0 | D:1      | Zonian the Vine Stalker Conjurer began the quest for the
                  | Orb.
     0 | D:1      | Reached XP level 1. HP: 9/9 MP: 4/4
   334 | D:1      | Reached XP level 2. HP: 13/13 MP: 1/6
   981 | D:2      | Learned a level 2 spell: Searing Ray
  1025 | D:2      | Reached XP level 3. HP: 15/16 MP: 4/7
  3247 | D:3      | Gained mutation: Your natural rate of healing is unusually
                  | fast. [Vine Stalker growth]
  3247 | D:3      | Reached XP level 4. HP: 21/21 MP: 5/9
  4925 | D:4      | Found a staircase to the Ecumenical Temple.
  4947 | Temple   | Entered the Ecumenical Temple
  4955 | Temple   | Became a worshipper of Uskayaw the Reveller
  5064 | D:4      | Noticed a scorpion
  5068 | D:4      | Reached * piety under Uskayaw
  5071 | D:4      | Reached ** piety under Uskayaw
  5117 | D:4      | Killed a scorpion
  5118 | D:4      | Reached skill level 1 in Fighting
  5118 | D:4      | Reached skill level 1 in Short Blades
  5118 | D:4      | Reached XP level 5. HP: 25/25 MP: 1/10
  5877 | D:4      | Noticed an ogre
  5885 | D:4      | Mangled by an ogre

Illustrated notes

Levels and vault maps discovered:
D:1:      dpeg_arrival_tiny_g, layout_rooms, serial_bayou, serial_bayou_pond_c,
          serial_bayou_crossing, serial_bayou_lagoon_a, serial_bayou_pond_a,
          serial_bayou_shore_b, serial_bayou_shore_b
D:2:      layout_loops_ring
D:3:      layout_basic
D:4:      layout_basic, minmay_temple_entry_ruins, serial_curves,
          eino_curves_01, eino_curves_04, eino_curves_01, eino_curves_04,
          wad_orctagon
Temple:   nicolae_temple_no_exploring_needed

Skill      XL: |  1  2  3  4 |
---------------+-------------+-----
Stealth        | 3 |  3.4
Fighting       | 1 |  1.1
Short Blades   | 1 |  1.2
Dodging        | 2 |  2.1
Spellcasting   | 3 |  3.0
Conjurations   | |  4.8

Action                   |  1- 3 |  4- 6 || total
-------------------------+-------+-------++-------
Melee: Short sword       |    33 |    54 ||    87
       Bite              |     9 |    11 ||    20
 Cast: Magic Dart        |    66 |    32 ||    98
       Searing Ray       |     1 |     2 ||     3
  Use: Scroll            |     5 |       ||     5
 Stab: Sleeping          |     2 |       ||     2
Armor: Robe              |     2 |    12 ||    14
Dodge: Dodged            |    26 |    52 ||    78

Table legend: (Time is in decaauts)
 A = Elapsed time spent in this place.
 B = Non-inter-level travel time spent in this place.
 C = Inter-level travel time spent in this place.
 D = Time resting spent in this place.
 E = Time spent auto-exploring this place.
 F = Levels seen in this place.
 G = Mean time per level.
                   A        B        C        D        E       F      G
               +--------+--------+--------+--------+--------+-----+--------+
         Total |   5920 |   5755 |    165 |   2357 |   2902 |   5 | 1184.0 |
       Dungeon |   5904 |   5746 |    158 |   2357 |   2902 |   4 | 1476.0 |
        Temple |     15 |      8 |      7 |      0 |      0 |   1 |   15.0 |
               +--------+--------+--------+--------+--------+-----+--------+

Top non-repeatable levels by time:
     D:4: 1902 daAuts
     D:2: 1852 daAuts
     D:3: 1143 daAuts
     D:1: 1006 daAuts
  Temple: 15 daAuts
